 Dungeon Crawl Stone Soup version 0.22-a0-402-ga933591 (webtiles) character file.

644279 George the Hoplite (level 27, -1/256 HPs)
             Began as a Minotaur Fighter on May 7, 2018.
             Was the Champion of the Shining One.
             Slain by Antaeus
             ... wielding an uncursed staff of power
              (34 damage)
             ... on level 7 of Cocytus.
             The game lasted 02:36:38 (50851 turns).

George the Hoplite (Minotaur Fighter)              Turns: 50851, Time: 02:36:38

Health: -1/256     AC: 26    Str: 35    XL:     27
Magic:  14/35      EV: 36    Int: 13    God:    the Shining One [******]
Gold:   1611       SH: 34    Dex: 33    Spells: 25/34 levels left

rFire    + + +     SeeInvis .   T - +9 eudemon blade (holy)
rCold    + + .     Gourm    .   Y - +0 large shield
rNeg     + + +     Faith    .   t - +6 faerie dragon scales {rElec rPois rCorr}
rPois    +         Spirit   .   v - +2 hat
rElec    +         Reflect  +   b - scarf {rC+ rF+}
rCorr    +         Harm     .   l - +0 pair of gloves {Str+3}
MR       +++++                  L - +2 pair of boots "Haiquen" {rF+ rN+ MR+}
Stlth    +.........             P - amulet "Soecim" {Reflect MR+ Str+4 Int+8 SH+5}
HPRegen  0.52/turn              M - ring of the Two Names {Wiz *Drain rC+ MR+ Dex+9}
MPRegen  0.24/turn              A - ring of the Philosopher {rF+ Str+4 Dex+4 Slay+5 Stlth-}

@: very slightly contaminated, hasted, glowing, studying Shields, very quick
A: retaliatory headbutt, horns 2
}: 3/15 runes: decaying, serpentine, silver
a: Divine Shield, Cleansing Flame, Summon Divine Warrior, Renounce Religion


You were on level 7 of Cocytus.
You worshipped the Shining One.
The Shining One was exalted by your worship.
You were hungry.

You visited 11 branches of the dungeon, and saw 55 of its levels.
You visited the Abyss 1 time.
You visited 2 bazaars.
You also visited: Labyrinth and Bailey.

You collected 8517 gold pieces.
You spent 6906 gold pieces at shops.

Inventory:

Hand Weapons
 k - a +9 double sword of flaming
 T - a +9 eudemon blade of holy wrath (weapon)
Missiles
 O - 14 javelins of returning (quivered)
Armour
 b - a scarf of resistance (worn)
 e - +0 gold dragon scales
 l - a +0 pair of gloves of strength (worn)
 t - the +6 faerie dragon scales (worn) {rElec rPois rCorr}
   (You took it off the Enchantress on level 3 of the Depths)

   It insulates you from electricity.
   It protects you from poison.
   It protects you from acid and corrosion.
 v - a +2 hat (worn)
 L - the +2 pair of boots "Haiquen" (worn) {rF+ rN+ MR+}
   (You bought it in a shop on level 12 of the Dungeon)

   It protects you from fire.
   It protects you from negative energy.
   It affects your resistance to hostile enchantments.
 Y - a +0 large shield (worn)
Jewellery
 A - the ring of the Philosopher (right hand) {rF+ Str+4 Dex+4 Slay+5 Stlth-}
   (You took it off an orc wizard on level 14 of the Dungeon)

   [ring of protection from fire]

   It affects your strength (+4).
   It affects your dexterity (+4).
   It affects your accuracy and damage with ranged weapons and melee attacks
   (+5).
   It protects you from fire.
   It makes you less stealthy.
 M - the ring of the Two Names (left hand) {Wiz *Drain rC+ MR+ Dex+9}
   (You took it off a merfolk impaler on level 2 of the Depths)

   [ring of wizardry]

   It improves your spell success rate.
   It affects your dexterity (+9).
   It protects you from cold.
   It affects your resistance to hostile enchantments.
   It causes draining when unequipped.
 N - an uncursed ring of resist corrosion
 P - the amulet "Soecim" (around neck) {Reflect MR+ Str+4 Int+8 SH+5}
   (You bought it in a shop on level 4 of the Depths)

   [amulet of reflection]

   It shields you and reflects attacks.
   It affects your strength (+4).
   It affects your intelligence (+8).
   It affects your resistance to hostile enchantments.
   It affects your SH (+5).
 W - a +5 ring of evasion
 Z - the ring "Gage" {rN+ Str+3 Int+3 Slay+2}
   (You took it off a vampire knight on level 3 of the Depths)

   [ring of positive energy]

   It affects your strength (+3).
   It affects your intelligence (+3).
   It affects your accuracy and damage with ranged weapons and melee attacks
   (+2).
   It protects you from negative energy.
Wands
 x - a wand of digging (37)
 E - a wand of paralysis (20)
 G - a wand of disintegration (71)
 J - a wand of iceblast (50)
 K - a wand of acid (48)
Scrolls
 h - 28 scrolls of remove curse
 i - 2 scrolls of summoning
 n - 18 scrolls of identify
 o - 9 scrolls of blinking
 r - 3 scrolls of immolation
 u - 26 scrolls of teleportation
 w - 13 scrolls of fear
 z - 3 scrolls of fog
 B - 16 scrolls of enchant armour
 Q - 5 scrolls of silence
 U - 2 scrolls of holy word
 X - 3 scrolls of magic mapping
Potions
 d - 11 potions of might
 j - 7 potions of mutation
 m - 32 potions of curing
 p - 5 potions of agility
 q - 5 potions of haste
 s - 9 potions of heal wounds
 D - 4 potions of resistance
 F - 7 potions of magic
 I - 4 potions of cancellation
 R - 6 potions of flight
Books
 V - a manual of Shields
Miscellaneous
 a - a lightning rod (4/4)
 c - a lamp of fire
 C - a fan of gales
 H - 4 phantom mirrors
 S - a phial of floods
Comestibles
 f - 80 rations


   Skills:
 + Level 22.7 Fighting
 + Level 23.2 Long Blades
 + Level 22.8 Armour
 + Level 22.4 Dodging
 + Level 23.3 Shields
 - Level 4.2 Spellcasting
 + Level 3.5 Hexes
 - Level 4.1 Charms
 + Level 4.0 Translocations
 + Level 19.6 Invocations


You had 25 spell levels left.
You knew the following spells:

 Your Spells              Type           Power        Failure   Level  Hunger
a - Song of Slaying       Chrm           ##......     2%          2    ##.....
b - Spectral Weapon       Hex/Chrm       ##......     6%          3    ###....
c - Shroud of Golubria    Chrm/Tloc      ##........   3%          2    ##.....
d - Blink                 Tloc           N/A          3%          2    ##.....


Dungeon Overview and Level Annotations

Branches:
Dungeon (15/15)            Temple (0/1) D:4            Lair (6/6) D:11
  Swamp (4/4) Lair:2        Snake (4/4) Lair:3        Slime (0/5) Lair:5
    Orc (2/2) D:11            Elf (3/3) Orc:2        Vaults (5/5) D:13
  Crypt (3/3) Vaults:3       Tomb (0/3) Crypt:3      Depths (5/5) D:15
   Hell (1/1)                 Dis (0/7) Hell            Geh (0/7) Hell
    Coc (7/7) Hell            Tar (0/7) Hell            Zot (0/5) Depths:5

Altars:
Fedhas
Kikubaaqudgha
Nemelex Xobeh
Okawaru
Qazlal
Ru
Sif Muna
Vehumet
Wu Jian
Xom
Yredelemnul
Zin
The Shining One
Jiyva

Shops:
D:7 %   D:9 :   D:12 [   Orc:2 :?%*   Elf:1 ?   Elf:2 %*(*   Elf:3 %**:!
Snake:3 ?(   Vaults:1 :   Vaults:4 !   Depths:2 (   Depths:4 =}}

Portals:
Hell: Depths:1 Depths:2 Depths:3 Depths:4 Depths:5
Abyss: Depths:1 Depths:4
Pandemonium: Depths:3
Ziggurat: Depths:2

Annotations:
D:10 2 transporters, fly
Coc:7 Antaeus


Innate Abilities, Weirdness & Mutations

You reflexively headbutt those who attack you in melee.
You have a pair of horns on your head.


Message History

The flash freeze misses you.
Your daeva blocks the blizzard demon's attack. x2
Your daeva hits the blizzard demon with a scimitar of holy wrath!
The blizzard demon convulses.
Your daeva hits the blizzard demon but does no damage.
You are momentarily dazzled by a brilliant light.
You are feeling hungry.
The Ice Fiend gestures at you.
The bolt of cold hits Antaeus.
Antaeus resists.
The bolt of cold hits you! You resist.
* * * LOW HITPOINT WARNING * * *
Your daeva blocks the blizzard demon's attack.
The blizzard demon barely misses your daeva.
You hear a distant "Zot"!
Your daeva barely misses the blizzard demon.
Your daeva hits the blizzard demon with a scimitar of holy wrath!
The blizzard demon convulses!
You feel yourself speed up.
Antaeus hits you with a staff of power!!
You die...

...42#2≈≈≈≈≈≈≈≈≈≈≈≈≈≈≈≈
###
#.≈≈≈....≈≈≈≈≈≈≈≈≈≈#
#.#
##.≈.####.≈≈≈≈≈≈≈≈≈#
#.. ##.#....#.≈≈≈≈≈≈≈≈#
#.# ##..2A..#.≈≈≈≈≈≈≈#
#.. #..41A...#.≈≈≈≈≈≈≈
#.. #..#.....#.≈≈≈≈≈≈≈
#.. #...#C.A#.≈≈≈≈≈≈≈≈
#..
#....@...#.≈≈≈≈≈≈≈##..
#........#.≈≈≈≈≈###...
##......#.≈≈≈≈≈≈#≈...#
##.#....#.≈≈≈≈≈≈##≈..##
##.≈.####.≈≈≈≈≈≈##≈.≈≈#
#.≈≈≈....≈≈≈≈≈≈##≈.≈###
...#.≈.≈≈≈≈≈≈≈≈≈##≈.≈##
.....#.≈.≈≈≈≈≈≈≈##).≈##
#... #.≈≈.≈≈≈≈≈≈≈[.≈##


You could see Antaeus, an Ice Fiend, a blizzard demon, an ice devil, a friendly
daeva and 2 friendly angels.

Vanquished Creatures
  2 ancient liches
  Mennas (Crypt:1)
  Mara (Crypt:2)
  8 shard shrikes
  Xtahua (Vaults:3)
  A caustic shrike (Depths:4)
  Nikola (Swamp:2)
  A golden dragon (Depths:5)
  Geryon (Hell)
  the Enchantress (Depths:3)
  5 bone dragons
  8 tentacled monstrosities
  9 liches
  4 Ice Fiends (Coc:7)
  The ghost of p0werm0de the Champion of Chaos, an adept DDFi of Makhleb (Vaults:5)
  6 titans
  3 deep elf master archers (Elf:3)
  3 deep elf blademasters (Elf:3)
  Frances (Swamp:1)
  4 quicksilver dragons
  2 acid blobs (Depths:4)
  An eldritch tentacle (Coc:2)
  The ghost of Totori the Warrior, an adept DrGl of Okawaru (Vaults:2)
  5 sphinxes
  Kirke (D:15)
  8 shadow dragons
  Donald (Elf:1)
  4 tengu reavers
  A thorn hunter (Swamp:3)
  Roxanne (Swamp:2)
  8 nagarajas
  7 storm dragons
  A revenant (Crypt:2)
  3 fire giants
  4 azure jellies (Depths:4)
  6 deep elf sorcerers
  An orc warlord (Bailey)
  21 frost giants
  Aizul (Vaults:1)
  2 iron dragons (Vaults:5)
  3 ghost moths (Depths:2)
  12 vault wardens
  Louise (Swamp:3)
  2 juggernaut zombies
  A cacodemon (Hell)
  A draconian knight (Depths:5)
  A draconian scorcher (Depths:5)
  2 balrugs (Hell)
  An emperor scorpion (Depths:2)
  A draconian shifter (Depths:5)
  10 ironheart preservers
  19 very ugly things
  10 ghouls
  8 reapers
  The ghost of Rhok the Impaler, a journeyman MfWn of Okawaru (D:13)
  10 spriggan defenders
  9 deep elf elementalists
  A caustic shrike skeleton (Depths:2)
  The ghost of Totori the Spry, a journeyman DEIE of Vehumet (Swamp:4)
  13 vampire knights
  A green draconian (Depths:5)
  2 entropy weavers
  9 war gargoyles
  5 deep elf demonologists
  18 stone giants
  Nessos (D:13)
  A black draconian (Depths:5)
  A purple draconian (Depths:5)
  6 spark wasps
  2 lorocyprocas (Hell)
  15 deep elf annihilators
  A white draconian (Depths:2)
  A spark wasp (shapeshifter) (Vaults:5)
  A yellow draconian (Depths:5)
  A minotaur (Lab)
  16 ettins
  6 blizzard demons
  2 green deaths (Swamp:4)
  9 deep elf death magi
  4 deep elf high priests
  10 fire dragons
  2 eidola
  3 crystal guardians (Crypt:3)
  9 jiangshi
  3 death oozes (Depths:4)
  25 vault guards
  2 merfolk impalers
  9 great orbs of eyes
  18 yaktaur captains
  A kraken zombie (Hell)
  21 hydras
  14 naga warriors
  7 rakshasas
  25 ice dragons
  8 spriggan air magi
  19 ogre magi
  8 anacondas
  A ghost crab (Swamp:4)
  11 alligators
  An alligator snapping turtle (Depths:2)
  32 dancing weapons
  15 centaur warriors
  2 merfolk avatars (Depths:2)
  66 two-headed ogres
  4 tengu warriors
  6 death knights
  8 deep troll earth magi
  6 deep troll shamans
  3 vampire magi
  6 death yaks
  A storm dragon zombie (Crypt:3)
  5 hell hogs (Hell)
  An orc high priest (Orc:2)
  Urug (Lair:2)
  10 naga sharpshooters
  12 hell knights
  7 shock serpents
  10 spriggan berserkers
  A shock serpent (shapeshifter) (Vaults:4)
  16 spriggans
  25 deep elf knights
  2 soul eaters (Hell)
  4 sun demons
  Sonja (Orc:2)
  An iron golem (Hell)
  A sixfirhy (Hell)
  A fire crab (D:13)
  A fire crab (shapeshifter) (Depths:3)
  9 large abominations
  A death drake (shapeshifter) (Vaults:3)
  3 salamander mystics
  3 titan skeletons
  3 golden dragon zombies
  3 ghost moth zombies
  3 iron trolls
  4 spriggan druids
  3 anaconda zombies
  24 deep trolls
  An unseen horror (shapeshifter) (Depths:4)
  45 skeletal warriors
  4 flayed ghosts
  5 glowing orange brains
  A deep troll (shapeshifter) (Vaults:2)
  8 unseen horrors
  6 naga ritualists
  A shadow demon (Depths:2)
  9 phantasmal warriors
  4 swamp dragons
  22 deep elf archers
  A kraken simulacrum (Coc:7)
  13 orc knights
  4 wizards
  5 orc sorcerers
  16 ironbrand convokers
  6 harpies
  Pikel (D:7)
  4 mana vipers
  16 necromancers
  2 fire giant zombies
  2 lindwurms (Lair:6)
  2 anaconda skeletons
  A shadow dragon skeleton (Crypt:1)
  A stone giant zombie (Vaults:1)
  2 iron dragon zombies
  77 deep elf magi
  2 wolf spider zombies
  4 oklob plants (Lair:5)
  2 wolf spiders
  An orb spider (shapeshifter) (Vaults:4)
  2 golden dragon skeletons
  An iron dragon skeleton (Coc:3)
  41 ugly things
  A manticore (D:9)
  A shining eye (shapeshifter) (Vaults:5)
  A fire giant skeleton (Coc:6)
  4 salamanders
  13 cyclopes
  Maurice (D:13)
  7 elephants
  5 torpor snails (Lair:6)
  A black mamba (shapeshifter) (D:15)
  6 orange demons
  7 vault sentinels
  An ice statue (Hell)
  35 naga magi
  A titan simulacrum (Coc:7)
  30 black mambas
  7 rust devils
  2 shock serpent skeletons
  3 centaur skeletons
  4 gargoyles
  3 rime drakes
  3 storm dragon simulacra (Coc:7)
  2 hellions (Hell)
  2 guardian serpents
  2 smoke demons (Hell)
  A purple draconian zombie (Crypt:1)
  15 spiny frogs
  34 yaktaurs
  An anaconda simulacrum (Coc:7)
  11 freezing wraiths
  A green draconian zombie (Crypt:1)
  17 ice devils
  3 komodo dragons
  2 komodo dragons (shapeshifter)
  A red draconian skeleton (Crypt:2)
  2 kobold demonologists (D:14)
  2 tengu conjurers
  8 hydra zombies
  2 tormentors
  A ghost moth simulacrum (Coc:2)
  A queen bee (Lair:2)
  3 red devils (Hell)
  6 trolls
  22 hornets
  Grinder (D:4)
  A jumping spider (shapeshifter) (Vaults:1)
  A shadow dragon simulacrum (Coc:1)
  10 blink frogs
  10 hippogriffs
  A polar bear (shapeshifter) (Depths:3)
  A hippogriff (shapeshifter) (Depths:1)
  13 tyrant leeches
  A death drake skeleton (Crypt:1)
  2 hornets (shapeshifter)
  2 hydra skeletons
  44 slime creatures
  2 raiju (shapeshifter)
  8 small abominations (Depths:4)
  7 bog bodies
  5 alligator zombies
  13 dream sheep
  A fire giant simulacrum (Crypt:2)
  A meliai zombie (D:12)
  4 ettin zombies
  A blink frog (shapeshifter) (Vaults:4)
  A redback (shapeshifter) (Vaults:5)
  An ice dragon zombie (Coc:3)
  An ice dragon skeleton (Coc:6)
  7 shadows
  11 water elementals
  2 alligator skeletons
  5 air elementals
  2 spriggans (shapeshifter)
  2 redbacks (Vaults:2)
  2 tarantellas (Depths:2)
  A wyvern (shapeshifter) (Vaults:5)
  5 wyverns
  A dire elephant simulacrum (Crypt:2)
  12 wraiths
  40 yaks
  39 flying skulls
  3 vampires
  7 fire elementals (Hell)
  2 golden eyes (shapeshifter)
  16 humans
  3 basilisks
  A hog (D:15)
  A basilisk (shapeshifter) (Depths:3)
  A black mamba skeleton (Coc:1)
  10 hungry ghosts
  A chaos spawn (Depths:4)
  30 vampire mosquitoes
  5 wargs
  Menkaure (D:4)
  A naga (shapeshifter) (Vaults:1)
  An acid dragon (D:12)
  23 swamp worms
  6 insubstantial wisps (Swamp:2)
  A soldier ant (D:12)
  An acid dragon (shapeshifter) (Vaults:5)
  53 nagas
  4 spiny frog zombies
  4 hydra simulacra
  14 water moccasins
  7 porcupines
  An orb spider zombie (Crypt:2)
  A deep troll skeleton (Crypt:1)
  4 hell hounds (Hell)
  A snapping turtle zombie (Coc:5)
  5 spiny frog skeletons
  3 swamp drakes
  13 ice beasts
  3 black bears
  A phantom (Coc:2)
  4 sky beasts
  2 alligator simulacra
  A sky beast (shapeshifter) (Depths:3)
  6 wolves
  60 orc warriors
  15 boggarts
  32 ogres
  An eye of draining (shapeshifter) (Depths:2)
  7 necrophages
  An eye of draining (D:13)
  2 orc skeletons
  2 manticore zombies
  21 centaurs
  2 human skeletons
  10 crocodiles
  A centaur (shapeshifter) (Depths:3)
  A swamp dragon skeleton (Coc:7)
  3 snapping turtle skeletons
  3 big kobolds
  17 bullfrogs
  3 earth elementals
  A salamander zombie (Crypt:2)
  A wyvern zombie (D:12)
  A wyvern skeleton (D:15)
  2 scorpions
  2 spiny frog simulacra (Hell)
  A cyclops skeleton (Crypt:1)
  32 killer bees
  7 howler monkeys
  34 wights
  4 lava snakes (Lab)
  2 troll skeletons
  A demonspawn zombie (Crypt:2)
  5 crimson imps
  3 quasits
  29 orc priests
  2 bullfrog zombies
  8 centaur zombies
  4 hounds
  Crazy Yiuf (D:3)
  8 jellies
  A human zombie (Crypt:2)
  39 orc wizards
  A bullfrog skeleton (D:4)
  An iron imp (Hell)
  A porcupine zombie (Crypt:1)
  14 worker ants
  Ijyb (D:3)
  Terence (D:3)
  An iguana (D:7)
  14 hell rats
  An acid dragon zombie (Crypt:1)
  A bullfrog simulacrum (D:13)
  A naga skeleton (Crypt:3)
  The ghost of 4thArraOfDagon the Firebug, a weakling DrFE (D:7)
  A hound skeleton (D:7)
  3 mummies
  A worker ant zombie (D:4)
  Robin (D:3)
  13 gnolls
  A scorpion zombie (Crypt:2)
  13 adders
  3 shadow imps
  7 white imps
  An ufetubus (Vaults:4)
  5 oozes
  An adder zombie (D:6)
  An adder skeleton (D:4)
  6 worms
  4 leopard geckos
  89 orcs
  3 giant cockroaches
  34 goblins
  24 hobgoblins
  4 jackals (D:10)
  25 kobolds
  2 quokkas
  4 ball pythons
  5 bats
  8 frilled lizards
  A giant cockroach zombie (Crypt:2)
  A jackal skeleton (Crypt:1)
  A kobold skeleton (Crypt:3)
  An orc zombie (Crypt:1)
  A quokka skeleton (D:4)
  8 rats
  A bush (D:12)
  4 crawling corpses
  A plant (Lair:6)
  3 tentacles (Hell)
2628 creatures vanquished.

Vanquished Creatures (collateral kills)
  An Ice Fiend (Coc:7)
  A blizzard demon (Coc:7)
  2 deep elf high priests (Elf:3)
  A dancing weapon (Elf:3)
  A deep elf archer (Vaults:2)
  A vault sentinel (Vaults:2)
  2 yaktaurs (Vaults:2)
  A slime creature (Swamp:4)
  A bog body (Swamp:4)
  2 boggarts (Vaults:2)
  A small abomination (Swamp:4)
14 creatures vanquished.

Vanquished Creatures (others)
  A deep elf elementalist (Vaults:5)
  An elemental wellspring (Coc:5)
  A yaktaur captain (Vaults:5)
  2 ogre magi
  An ironbrand convoker (Vaults:5)
  3 yaktaurs (Vaults:5)
  A polar bear (shapeshifter) (Depths:4)
  2 humans (D:15)
  A hydra simulacrum (Coc:6)
  A slave (D:7)
  An orc warrior (Vaults:5)
  An ogre (Vaults:5)
  A centaur (D:15)
  A scorpion (D:7)
  2 orc wizards
  A hell rat (Hell)
  A white imp (Vaults:4)
  5 orcs
  A giant cockroach (D:7)
  A bush (Lair:1)
  13 fungi
  16 plants
  7 tentacles
65 creatures vanquished.

Grand Total: 2707 creatures vanquished

Notes
Turn   | Place    | Note
-------+----------+-------------------------------------------
     0 | D:1      | George the Minotaur Fighter began the quest for the Orb.
     0 | D:1      | Reached XP level 1. HP: 19/19 MP: 0/0
    95 | D:1      | Reached XP level 2. HP: 26/26 MP: 1/1
   322 | D:1      | Reached XP level 3. HP: 28/31 MP: 2/2
   919 | D:2      | Found a sacrificial altar of Ru.
   926 | D:2      | Reached skill level 5 in Long Blades
   926 | D:2      | Reached XP level 4. HP: 39/39 MP: 3/3
  1163 | D:2      | Found a deep blue altar of Sif Muna.
  1312 | D:3      | Noticed Ijyb
  1335 | D:3      | Killed Ijyb
  1335 | D:3      | Reached XP level 5. HP: 35/45 MP: 4/4
  1386 | D:3      | Found a glowing golden altar of the Shining One.
  1436 | D:3      | Became a worshipper of the Shining One
  1471 | D:3      | Noticed Terence
  1475 | D:3      | Killed Terence
  1519 | D:3      | Found an iron altar of Okawaru.
  1657 | D:3      | Noticed Robin
  1679 | D:3      | Killed Robin
  2000 | D:3      | Found a radiant altar of Vehumet.
  2032 | D:3      | Found a runed door.
  2036 | D:3      | Noticed Crazy Yiuf
  2040 | D:3      | Killed Crazy Yiuf
  2040 | D:3      | Reached skill level 1 in Dodging
  2040 | D:3      | Reached XP level 6. HP: 52/52 MP: 5/5
  2114 | D:4      | Reached skill level 1 in Invocations
  2774 | D:4      | Noticed Menkaure
  2783 | D:4      | Killed Menkaure
  2783 | D:4      | Reached XP level 7. HP: 37/60 MP: 7/7
  2818 | D:4      | Noticed Grinder
  2829 | D:4      | Killed Grinder
  2829 | D:4      | Reached * piety under the Shining One
  2880 | D:4      | Found a staircase to the Ecumenical Temple.
  3015 | D:4      | Reached skill level 5 in Fighting
  3018 | D:4      | Reached skill level 5 in Armour
  3018 | D:4      | Reached skill level 5 in Shields
  3111 | D:5      | Entered Level 5 of the Dungeon
  3368 | D:5      | Reached XP level 8. HP: 50/68 MP: 9/9
  4209 | D:6      | Found a glowing silver altar of Zin.
  4242 | D:6      | Found a blossoming altar of Fedhas.
  4596 | D:7      | Noticed Pikel
  4610 | D:7      | Killed Pikel
  4668 | D:7      | Reached XP level 9. HP: 75/75 MP: 9/11
  4723 | D:7      | Reached ** piety under the Shining One
  4785 | D:7      | Found a sparkling altar of Nemelex Xobeh.
  4852 | D:7      | Reached skill level 5 in Dodging
  4885 | D:7      | Noticed 4thArraOfDagon's ghost (weakling DrFE)
  4897 | D:7      | Killed 4thArraOfDagon's ghost
  4999 | D:7      | Found Siasch's Food Emporium.
  5103 | D:8      | Found a flagged portal.
  5117 | Bailey   | Entered a bailey
  5216 | Bailey   | Reached skill level 5 in Invocations
  5378 | Bailey   | Reached *** piety under the Shining One
  5388 | Bailey   | Reached XP level 10. HP: 63/86 MP: 12/12
  5571 | Bailey   | Noticed an orc warlord
  5608 | Bailey   | Killed an orc warlord
  5620 | Bailey   | Reached skill level 10 in Long Blades
  6082 | D:8      | Noticed a two-headed ogre
  6091 | D:8      | Killed a two-headed ogre
  6633 | D:9      | Reached XP level 11. HP: 95/95 MP: 14/14
  6686 | D:9      | Found a stormy altar of Qazlal.
  7119 | D:9      | Found Xamneragh's Book Boutique.
  7483 | D:10     | Entered Level 10 of the Dungeon
  7509 | D:10     | Noticed a fire crab
  7509 | D:10     | Reached **** piety under the Shining One
  7509 | D:10     | Noticed an orc high priest
  7513 | D:10     | Found a transporter.
  7542 | D:10     | Found a transporter.
  7678 | D:10     | Noticed an unseen horror
  7686 | D:10     | Killed an unseen horror
  8248 | D:11     | Reached ***** piety under the Shining One
  8396 | D:11     | Found a staircase to the Orcish Mines.
  8452 | D:11     | Found a staircase to the Lair.
  8463 | D:11     | Noticed a five-headed hydra
  8482 | D:11     | Killed a five-headed hydra
  8848 | D:11     | Reached skill level 10 in Fighting
  9240 | D:11     | Reached skill level 10 in Armour
  9240 | D:11     | Reached XP level 12. HP: 87/106 MP: 16/16
  9499 | D:12     | Reached skill level 10 in Shields
  9787 | D:12     | Found a blossoming altar of Fedhas.
 10001 | D:12     | Noticed a four-headed hydra
 10013 | D:12     | Killed a four-headed hydra
 10335 | D:12     | Found Suyfatul's Antique Armour Shoppe.
 10361 | D:12     | Bought a pair of ichor-stained boots for 190 gold pieces
 10371 | D:12     | Identified the +2 pair of boots "Haiquen" {rF+ rN+ MR+} (You bought it in a shop on level 12 of the Dungeon)
 10834 | D:13     | Found a gate to the Vaults.
 10834 | D:13     | Noticed Nessos
 10834 | D:13     | Noticed a two-headed ogre
 10834 | D:13     | Noticed a two-headed ogre
 10834 | D:13     | Noticed Rhok's ghost (journeyman MfWn)
 10909 | Lair:1   | Entered Level 1 of the Lair of Beasts
 11056 | Lair:1   | Noticed an eight-headed hydra
 11071 | Lair:1   | Killed an eight-headed hydra
 12230 | Lair:2   | Reached skill level 10 in Dodging
 12230 | Lair:2   | Reached XP level 13. HP: 116/116 MP: 18/18
 12231 | Lair:2   | Reached XP level 14. HP: 125/125 MP: 18/20
 12440 | Lair:2   | Noticed Urug
 12450 | Lair:2   | Killed Urug
 12450 | Lair:2   | Reached XP level 15. HP: 125/132 MP: 21/21
 12656 | Lair:2   | Reached ****** piety under the Shining One
 12668 | Lair:2   | Found a staircase to the Swamp.
 13250 | Lair:3   | Found a staircase to the Snake Pit.
 14057 | Lair:4   | Identified a scroll of acquirement
 14483 | Lair:5   | Reached skill level 10 in Invocations
 14790 | Lair:5   | Found a staircase to the Slime Pits.
 14790 | Lair:5   | Found a viscous altar of Jiyva.
 15530 | Lair:6   | Entered Level 6 of the Lair of Beasts
 15938 | Lair:6   | Found a labyrinth entrance.
 15950 | Lab      | Entered a labyrinth
 17155 | Lair:6   | Found a runed door.
 17742 | Orc:1    | Entered Level 1 of the Orcish Mines
 17983 | Orc:2    | Entered Level 2 of the Orcish Mines
 18053 | Orc:2    | Noticed Sonja
 18059 | Orc:2    | Killed Sonja
 18107 | Orc:2    | Reached XP level 16. HP: 103/144 MP: 23/23
 18210 | Orc:2    | Found Lupt's Food Shoppe.
 18210 | Orc:2    | Found Lesixait's Assorted Antiques.
 18210 | Orc:2    | Found Ymon's Magic Scroll Emporium.
 18215 | Orc:2    | Found Laes's Book Emporium.
 18337 | Orc:2    | Found a staircase to the Elven Halls.
 18566 | Orc:2    | Bought a scroll of identify for 28 gold pieces
 18569 | Orc:2    | Bought a dented jade amulet for 155 gold pieces
 18569 | Orc:2    | Bought a shiny bronze ring for 155 gold pieces
 18577 | Orc:2    | Bought a scroll of identify for 62 gold pieces
 18687 | D:9      | Bought a manual of Dodging for 1656 gold pieces
 18934 | D:13     | Killed Rhok's ghost
 18938 | D:13     | Killed Nessos
 19185 | D:13     | Noticed Maurice
 19199 | D:13     | Killed Maurice
 20020 | D:14     | Got a fine tin ring
 20518 | D:15     | Entered Level 15 of the Dungeon
 20666 | D:15     | Found a staircase to the Depths.
 20685 | D:15     | Noticed Kirke
 20690 | D:15     | Reached skill level 15 in Long Blades
 20698 | D:15     | Killed Kirke
 20764 | D:15     | Found an ornate altar of the Wu Jian Council.
 20794 | D:15     | Identified the ring of the Philosopher {rF+ Str+4 Dex+4 Slay+5 Stlth-} (You took it off an orc wizard on level 14 of the Dungeon)
 21506 | Swamp:1  | Entered Level 1 of the Swamp
 22133 | Swamp:1  | Noticed Frances
 22143 | Swamp:1  | Killed Frances
 22307 | Swamp:2  | Reached XP level 17. HP: 146/154 MP: 23/25
 22705 | Swamp:2  | Noticed Nikola
 23051 | Swamp:2  | Killed Nikola
 23227 | Swamp:2  | Noticed Roxanne
 23244 | Swamp:2  | Killed Roxanne
 23245 | Swamp:2  | Identified Roxanne's Tome of Stones (You took it off Roxanne on level 2 of the Swamp)
 23857 | Swamp:3  | Noticed Louise
 23873 | Swamp:3  | Killed Louise
 24115 | Swamp:4  | Entered Level 4 of the Swamp
 24201 | Swamp:4  | Noticed Totori's ghost (journeyman DEIE)
 24216 | Swamp:4  | Killed Totori's ghost
 24248 | Swamp:4  | Reached skill level 15 in Fighting
 24264 | Swamp:4  | Reached skill level 15 in Armour
 24269 | Swamp:4  | Reached skill level 15 in Dodging
 24373 | Swamp:4  | Reached skill level 15 in Shields
 24643 | Swamp:4  | Noticed a tentacled monstrosity
 24656 | Swamp:4  | Killed a tentacled monstrosity
 24859 | Swamp:4  | Got a decaying rune of Zot
 25041 | Snake:1  | Entered Level 1 of the Snake Pit
 25332 | Snake:1  | Reached XP level 18. HP: 146/163 MP: 26/26
 26457 | Snake:3  | Found Sent's Weapon Boutique.
 26594 | Snake:3  | Found Zysk's Magic Scroll Shop.
 26993 | Snake:3  | Bought a scroll of enchant armour for 97 gold pieces
 26993 | Snake:3  | Bought a scroll of teleportation for 39 gold pieces
 26993 | Snake:3  | Bought a scroll of teleportation for 39 gold pieces
 26993 | Snake:3  | Bought a scroll of blinking for 97 gold pieces
 26993 | Snake:3  | Bought a scroll of enchant armour for 97 gold pieces
 26993 | Snake:3  | Bought a scroll of teleportation for 39 gold pieces
 27011 | Snake:4  | Entered Level 4 of the Snake Pit
 28005 | Snake:4  | Reached XP level 19. HP: 68/173 MP: 28/28
 28250 | Snake:4  | Got a serpentine rune of Zot
 28691 | Vaults:1 | Entered Level 1 of the Vaults
 28897 | Vaults:1 | Noticed Aizul
 28919 | Vaults:1 | Killed Aizul
 29413 | Vaults:1 | Found Veisch's Book Boutique.
 30367 | Vaults:2 | HP: 7/177 [vault warden/long sword of electrocution (21)]
 30857 | Vaults:2 | Noticed Totori's ghost (adept DrGl)
 30876 | Vaults:2 | Killed Totori's ghost
 30876 | Vaults:2 | Reached XP level 20. HP: 168/184 MP: 29/29
 31614 | Vaults:3 | Noticed Xtahua
 31627 | Vaults:3 | Killed Xtahua
 31890 | Vaults:3 | Got a glittering pewter amulet
 31999 | Vaults:3 | Identified the amulet of Jusaur {Regen+ Str+4} (You found it on level 3 of the Vaults)
 32218 | Vaults:3 | Found a staircase to the Crypt.
 32218 | Vaults:3 | Found a basalt altar of Yredelemnul.
 32219 | Vaults:3 | Found an ancient bone altar of Kikubaaqudgha.
 33261 | Vaults:4 | Found Otom's Distillery.
 33273 | Vaults:4 | Bought a potion of curing for 45 gold pieces
 33273 | Vaults:4 | Bought a potion of heal wounds for 75 gold pieces
 33663 | Vaults:4 | Reached skill level 15 in Invocations
 34326 | Crypt:1  | Entered Level 1 of the Crypt
 34427 | Crypt:1  | Noticed Mennas
 34457 | Crypt:1  | Killed Mennas
 34515 | Crypt:1  | Identified a +3 eudemon blade of holy wrath (a +1 eudemon blade of holy wrath blessed by the Shining One)
 34515 | Crypt:1  | Received a gift from the Shining One
 34605 | Crypt:1  | Reached XP level 21. HP: 194/194 MP: 31/31
 35339 | Crypt:2  | Noticed Mara
 35362 | Crypt:2  | Noticed George's illusion
 35400 | Crypt:2  | Killed Mara
 35424 | Crypt:2  | Found an ancient bone altar of Kikubaaqudgha.
 35810 | Crypt:3  | Entered Level 3 of the Crypt
 36080 | Crypt:3  | Found a shimmering altar of Xom.
 36080 | Crypt:3  | Noticed an ancient lich
 36090 | Crypt:3  | Killed an ancient lich
 36174 | Crypt:3  | Cast into level 3 of the Abyss (hell knight)
 36175 | Abyss:3  | Found a corrupted altar of Lugonu.
 36184 | Crypt:3  | Escaped the Abyss
 36367 | Crypt:3  | Found a staircase to the Tomb.
 37056 | Elf:1    | Entered Level 1 of the Elven Halls
 37194 | Elf:1    | Identified Xelauqel's Reference Book on Arcane Weapons
 37263 | Elf:1    | Noticed Donald
 37275 | Elf:1    | Killed Donald
 37378 | Elf:1    | Reached XP level 22. HP: 204/204 MP: 33/33
 37830 | Elf:1    | Found Xenun's Magic Scroll Shop.
 37994 | Elf:2    | Found a huge runed gate.
 37994 | Elf:2    | Found a huge runed gate.
 37994 | Elf:2    | Found a huge runed gate.
 37994 | Elf:2    | Found a huge runed gate.
 37999 | Elf:2    | Found a huge runed gate.
 38066 | Elf:2    | Found Ineaha's Antique Weapon Emporium.
 38066 | Elf:2    | Found Mofaimae's General Store.
 38139 | Elf:2    | Found Nazxoal's Food Shop.
 38301 | Elf:2    | Found Sun Avesh's General Store.
 38361 | Elf:2    | Bought a potion of heal wounds for 65 gold pieces
 38996 | Elf:3    | Entered Level 3 of the Elven Halls
 39174 | Elf:3    | Found Mujono's General Store.
 39191 | Elf:3    | Found Viwanew's Book Emporium.
 39221 | Elf:3    | Found Xoestue's Distillery.
 39229 | Elf:3    | Bought a potion of heal wounds for 85 gold pieces
 39229 | Elf:3    | Bought a potion of curing for 51 gold pieces
 39229 | Elf:3    | Bought a potion of curing for 51 gold pieces
 39229 | Elf:3    | Bought a potion of might for 68 gold pieces
 39801 | Elf:3    | Found the +8 demon blade "Leech" {vamp, rN+ AC-3 EV-3}
 39808 | Elf:3    | Found the cursed +14 obsidian axe {chop, +Fly SInv *Curse}
 39868 | Elf:3    | Got a scorched turquoise ring
 39870 | Elf:3    | Identified the ring "Negocih" {rN++ MR+} (You found it on level 3 of the Elven Halls)
 40206 | Elf:3    | Reached XP level 23. HP: 213/213 MP: 34/34
 40209 | Elf:3    | Bought a scroll of teleportation for 48 gold pieces
 40209 | Elf:3    | Bought a potion of curing for 48 gold pieces
 40209 | Elf:3    | Bought a potion of heal wounds for 80 gold pieces
 40226 | Elf:3    | Found Suvohool's Food Boutique.
 40232 | Elf:3    | Found Quack's Assorted Antiques.
 40241 | Elf:3    | Bought a scroll of teleportation for 120 gold pieces
 40241 | Elf:3    | Bought a potion of heal wounds for 200 gold pieces
 40241 | Elf:3    | Bought a scroll of teleportation for 120 gold pieces
 40433 | Depths:1 | Entered Level 1 of the Depths
 40510 | Depths:1 | Found a flickering gateway to a bazaar.
 40534 | Bazaar   | Entered a bazaar
 40534 | Bazaar   | Found Ydoid's Magic Scroll Emporium.
 40534 | Bazaar   | Found Plog's Book Shop.
 40534 | Bazaar   | Found Zeax's Antique Armour Shoppe.
 40534 | Bazaar   | Found Vatt's Antique Weapon Shop.
 40536 | Bazaar   | Found Ruheig's Gadget Shoppe.
 40578 | Bazaar   | Bought 2 scrolls of acquirement for 1144 gold pieces
 40578 | Bazaar   | Bought a scroll of enchant armour for 82 gold pieces
 40578 | Bazaar   | Bought a scroll of enchant armour for 82 gold pieces
 40578 | Bazaar   | Bought a scroll of blinking for 82 gold pieces
 40578 | Bazaar   | Bought a scroll of blinking for 82 gold pieces
 40581 | Bazaar   | Bought a pair of runed gloves for 172 gold pieces
 40633 | Depths:1 | Found a one-way gate to the infinite horrors of the Abyss.
 40680 | Depths:1 | Found a gateway to Hell.
 41688 | Depths:2 | Found a large runed door.
 41749 | Depths:2 | Found a gateway to a ziggurat.
 41807 | Depths:2 | Found a flickering gateway to a bazaar.
 41814 | Bazaar   | Entered a bazaar
 41814 | Bazaar   | Found Wyah's Antique Weapon Emporium.
 41833 | Bazaar   | Found Uboeff's Distillery.
 41841 | Bazaar   | Bought a potion of heal wounds for 55 gold pieces
 41841 | Bazaar   | Bought a potion of curing for 33 gold pieces
 41841 | Bazaar   | Bought a potion of curing for 33 gold pieces
 41841 | Bazaar   | Bought a potion of might for 44 gold pieces
 41841 | Bazaar   | Bought a potion of might for 44 gold pieces
 41844 | Bazaar   | Found Etohuopn's General Store.
 41855 | Bazaar   | Found Yxtiefak's Jewellery Shop.
 41863 | Bazaar   | Found Osunein's Antique Armour Shop.
 41998 | Depths:2 | Found Senetough's Weapon Boutique.
 42507 | Depths:2 | Found a large runed door.
 42729 | Depths:2 | Reached XP level 24. HP: 225/225 MP: 20/34
 42812 | Depths:2 | Got a heavily runed copper ring
 42824 | Depths:2 | Identified the ring of the Two Names {Wiz *Drain rC+ MR+ Dex+9} (You took it off a merfolk impaler on level 2 of the Depths)
 43231 | Depths:3 | Paralysed by the power of Zot for 5 turns
 43438 | Depths:3 | Found a one-way gate leading to the halls of Pandemonium.
 43966 | Depths:3 | Got a shimmering golden ring
 43968 | Depths:3 | Identified the ring "Gage" {rN+ Str+3 Int+3 Slay+2} (You took it off a vampire knight on level 3 of the Depths)
 44199 | Depths:3 | Noticed the Enchantress
 44334 | Depths:3 | Killed the Enchantress
 44345 | Depths:3 | Got faerie dragon scales
 44357 | Depths:3 | Identified the +6 faerie dragon scales {rElec rPois rCorr} (You took it off the Enchantress on level 3 of the Depths)
 44534 | Depths:3 | Got an iridescent double sword {venom}
 44535 | Depths:3 | Identified the cursed +3 double sword "Entei" {venom, MP+9} (You took it off a spriggan air mage on level 3 of the Depths)
 44785 | Depths:4 | Found a viscous altar of Jiyva.
 44880 | Depths:4 | Reached XP level 25. HP: 189/235 MP: 35/35
 45547 | Depths:4 | Found Voicodd's Jewellery Shoppe.
 45547 | Depths:4 | Found Lytow's Gadget Shop.
 45548 | Depths:4 | Found Pouhu's Gadget Shop.
 45555 | Depths:4 | Bought the amulet "Soecim" {Reflect MR+ Str+4 Int+8 SH+5} for 1343 gold pieces
 45602 | Depths:4 | Learned a level 2 spell: Song of Slaying
 45620 | Depths:5 | Entered Level 5 of the Depths
 45859 | Depths:5 | Found a gate to the Realm of Zot.
 45862 | Depths:5 | Reached skill level 1 in Spellcasting
 45862 | Depths:5 | Reached skill level 1 in Charms
 47051 | Vaults:5 | Entered Level 5 of the Vaults
 47077 | Vaults:5 | Noticed an ancient lich
 47096 | Vaults:4 | Killed an ancient lich
 47126 | Vaults:5 | Noticed p0werm0de's ghost (adept DDFi)
 47155 | Vaults:5 | Reached XP level 26. HP: 19/246 MP: 35/35
 47156 | Vaults:5 | The Shining One protects you from harm!
 47157 | Vaults:5 | Killed p0werm0de's ghost
 47169 | Vaults:5 | HP: 11/246 [titan (19)]
 47762 | Vaults:5 | Identified the Guide on Hexes and Self-Knowledge
 47951 | Vaults:5 | Found the +9 staff of Olgreb {rPois}
 48158 | Vaults:5 | Got an ancient scale mail
 48169 | Vaults:5 | Identified the +4 scale mail of Winter {Str+5} (You found it on level 5 of the Vaults)
 48209 | Vaults:5 | Got a silver rune of Zot
 48393 | Vaults:5 | Identified the Volume of Execration
 48860 | Vaults:5 | Got a pair of heavily runed boots
 48871 | Vaults:5 | Identified the +0 pair of boots "Gifiular" {rC+ Int+3 Dex+2} (You acquired it on level 5 of the Vaults)
 48886 | Vaults:5 | Got a bound ruby amulet
 48888 | Vaults:5 | Identified the amulet of the Queen {Gourm rElec MR+ Str+2} (You acquired it on level 5 of the Vaults)
 48894 | Vaults:5 | Got a faintly humming cloak
 48905 | Vaults:5 | Identified the +2 cloak of Zeuffamo {rPois Regen+ Str+2 Dex-2} (You acquired it on level 5 of the Vaults)
 48924 | Vaults:5 | Learned a level 3 spell: Spectral Weapon
 48927 | Vaults:5 | Learned a level 2 spell: Shroud of Golubria
 48930 | Vaults:5 | Learned a level 2 spell: Blink
 49141 | Hell     | Entered the Vestibule of Hell
 49141 | Hell     | Noticed Geryon
 49154 | Hell     | Killed Geryon
 49190 | Hell     | Reached skill level 1 in Translocations
 49241 | Hell     | Reached skill level 1 in Hexes
 49380 | Hell     | Found a gateway to the ashen valley of Gehenna.
 49454 | Hell     | Found a gateway to the Iron City of Dis.
 49565 | Hell     | Found a gateway to the decaying netherworld of Tartarus.
 49621 | Hell     | Found a gateway to the freezing wastes of Cocytus.
 49698 | Coc:1    | Entered Level 1 of Cocytus
 49873 | Coc:2    | Reached XP level 27. HP: 241/255 MP: 35/35
 50538 | Coc:7    | Entered Level 7 of Cocytus
 50833 | Coc:7    | Noticed Antaeus
 50842 | Coc:7    | HP: 8/254 [Antaeus/flash freeze (38)]
 50851 | Coc:7    | Slain by Antaeus

Vault maps used:
D:1:      lemuel_arrival_behind_the_door_small
D:2:      led_sif_pool, nicolae_ru_great_annihilating_truth
D:3:      lemuel_coloured_pillars_altar, okawaru_altar_gauntlet_db,
          tso_metal_star, uniq_crazy_yiuf_cottage, uniq_ijyb, uniq_robin,
          uniq_terence
D:4:      minmay_temple_entry_trees, first_ration, uniq_menkaure, uniq_grinder
D:5:      kennysheep_generic_room_13
D:6:      kennysheep_mini, zin_treasury
D:7:      nemelex_altar_shiori, serial_shops, nicolae_shop_statue_plus,
          uniq_pikel
D:8:      enter_bailey_2
D:9:      grunt_qazlal_sundering, serial_shops, nicolae_shop_stone
D:10:     gammafunk_wand_slinger
D:11:     grunt_lair_entry_orc_guard_hut, david_orc_2
D:12:     serial_shops, nicolae_shop_statue_plus, hangedman_pestilent_swarm,
          fedhas_altar_decomposition
D:13:     david_vaults_3, minmay_the_grid_2x2, uniq_maurice
D:14:     minmay_misc_feat_alley
D:15:     hangedman_depths_entry_civil_slaughter, basic_altar,
          small_statue_intersection, library_closet, serial_bayou_lagoon_b,
          uniq_kirke
Lair:1:   serial_bayou_shore_b, grunt_megastairs_4
Lair:2:   minmay_swamp_entry_worms, uniq_urug
Lair:3:   minmay_snake_entry_guardpost_small, st_stairs_8
Lair:5:   slime_altar_1, dpeg_oklob_1, grunt_megastairs_1
Lair:6:   wormcave, lab_entry_generic, lemuel_fruit_tree
Swamp:1:  nicolae_swamp_very_dense_foliage, uniq_frances
Swamp:2:  evilmike_swamp_ruin_wall, uniq_roxanne, uniq_nikola
Swamp:3:  evilmike_swamp_ruin_house_3, uniq_louise
Swamp:4:  swamp_vile
Snake:3:  serial_shops, nicolae_shop_stone, shop_statue
Snake:4:  snake_pit
Orc:1:    nicolae_orc_damp_corner, uniq_snorg
Orc:2:    st_orc_mages, uniq_sonja
Elf:1:    serial_shops, nicolae_shop_behind_doors, minmay_elf_annihilation,
          grunt_megastairs_3, uniq_donald
Elf:2:    serial_shops, shop, nicolae_shop_window_shopping, shop, shop
Elf:3:    minmay_elf_hall_furrowed, serial_shops, nicolae_shop_crystal, shop,
          nicolae_shop_trees, shop_statue, shop
Vaults:1: v_pattern_1, hangedman_vaults_trim, hangedman_vaults_maws,
          nicolae_vaults_murderbox, vaults_dpeg_cross,
          ontoclasm_vaults_decontamination, vaults_mumra_hexcomb, v_misc_3,
          hangedman_vaults_slither, v_misc_22, nicolae_vaults_rhombus_6,
          hangedman_vaults_corner_blocks, serial_shops, shop_statue, uniq_aizul
Vaults:2: vaults_room_boxed, v_misc_23, vaults_room_semicircle,
          nicolae_vaults_circle_grid_b, nicolae_vaults_diagonal_hallway_8,
          ontoclasm_vaults_gateway, vaults_room_large_hall, vaults_room_pools,
          v_misc_33, hangedman_vaults_nails, ontoclasm_vaults_spin,
          vaults_room_fours, nicolae_vaults_network_periphery, vaults_room_pools
Vaults:3: hangedman_vaults_snaps, v_misc_15, v_misc_9, v_alt_pattern_5,
          ontoclasm_vaults_pinch, nicolae_vaults_quartermaster,
          nicolae_vaults_shelves_hall, minmay_crypt_entry_necro_gods, v_misc_25,
          uniq_xtahua
Vaults:4: ontoclasm_vaults_bender, grunt_vaults_hallway_long,
          nicolae_vaults_ring_of_whatevers, hangedman_vaults_nails,
          ontoclasm_vaults_hangar, nicolae_vaults_shelves_hall, st_octagons_2,
          vaults_room_pool, serial_ice_h, ontoclasm_vaults_ring_large,
          nicolae_vaults_little_squares_5, vaults_room_grunt_arrival_ludios,
          ontoclasm_vaults_eye, serial_shops, shop
Vaults:5: serial_shops
Crypt:1:  grunt_crypt_arrival_webbed, uniq_mennas
Crypt:2:  basic_altar, uniq_mara
Crypt:3:  cryptofortress_bobbens
Depths:1: hell_entry, abyss_entry, serial_shops, bzr_entry_water,
          grunt_ministairs_1, roderic_lattice_a, kennysheep_opposing_triangles
Depths:2: lightli_eight_chambers, enter_ziggurat_f, serial_shops,
          bzr_entry_safe, grunt_decor_mini_mirrors, hangedman_geh_valley,
          minmay_shop_grid_forest
Depths:3: hangedman_pleasuredromes, hell_entry, pan_entry, uniq_enchantress
Depths:4: minmay_expanding_squares, serial_glass, glass_columns_b,
          glass_columns_b, glass_columns_a, glass_columns_a, glass_columns_a,
          glass_columns_b, hangedman_coc_ice_floe, special_room,
          minmay_room_of_horrors, infiniplex_staircase_squiggle,
          minmay_shop_grove
Depths:5: grunt_zot_entry_bicorn, serial_sigils, serial_sigils_hangedman_writhe,
          serial_sigils_hangedman_quiver, serial_sigils_hangedman_quiver,
          serial_sigils_hangedman_confine, serial_sigils_hangedman_stare,
          serial_sigils_hangedman_shear, hell_entry
Coc:7:    coc_hangedman
Abyss:3:  minivault_11, evilmike_nicolae_abyss_rune_betentacled_crabyss,
          evilmike_abyss_exit_chaos
Lab:      nicolae_lab_dead_adventurers, labyrinth_skeletal_remains,
          labyrinth_lava_lair, nicolae_lab_t_cross
Bazaar:   bazaar_minmay_generic_island, bazaar_lake
Bailey:   bailey_axe_minmay_hex_keep, bailey

Skill      XL: |  1  2  3  4  5  6  7  8  9 10 11 12 13 14 15 16 17 18 19 20 21 22 23 24 25 26 27 |
---------------+----------------------------------------------------------------------------------+-----
Long Blades    | 3 4 5 6 7 8 9 10 11 12 13 14 15 16 17 18 19 20 21 22 23 | 23.2
Fighting       | 4 5 6 7 8 10 11 12 13 14 15 16 17 18 19 20 21 22 | 22.7
Dodging        | 1 2 3 4 5 7 8 10 12 14 15 17 18 19 20 21 22 | 22.4
Shields        | 4 5 6 7 8 9 11 13 14 15 16 17 18 19 20 21 22 23 | 23.3
Armour         | 4 5 6 7 8 10 11 12 13 14 15 16 17 18 19 20 21 22 | 22.8
Invocations    | 1 2 4 5 6 7 9 10 12 13 14 15 16 17 18 19 | 19.6
Spellcasting   | 2 4 |  4.2
Charms         | 2 4 |  4.1
Translocations | 2 4 |  4.0
Hexes          | 1 3 |  3.5

Action                   |  1- 3 |  4- 6 |  7- 9 | 10-12 | 13-15 | 16-18 | 19-21 | 22-24 | 25-27 || total
-------------------------+-------+-------+-------+-------+-------+-------+-------+-------+-------++-------
Melee: Long sword        |    89 |   163 |   104 |   576 |    67 |       |       |       |       ||   999
       Headbutt          |     8 |    29 |    62 |   148 |   159 |   370 |   475 |   556 |   473 ||  2280
       Falchion          |       |       |   214 |    93 |       |       |       |       |       ||   307
       Short sword       |       |       |       |    35 |       |       |       |       |       ||    35
       Double sword      |       |       |       |       |   521 |  1302 |   831 |       |   275 ||  2929
       Eudemon blade     |       |       |       |       |       |       |   471 |  1411 |   913 ||  2795
Invok: Divine Shield     |       |       |       |     2 |     4 |     5 |     1 |     2 |     2 ||    16
       Summon Divine War |       |       |       |       |       |     1 |     1 |     1 |     3 ||     6
       Cleansing Flame   |       |       |       |       |       |     1 |       |     2 |       ||     3
       Brand Weapon With |       |       |       |       |       |       |     1 |       |       ||     1
Evoke: Wand              |       |       |       |       |       |     3 |       |       |       ||     3
       Lightning rod     |       |       |       |       |       |     3 |       |       |       ||     3
       Phantom mirror    |       |       |       |       |       |     1 |       |       |       ||     1
  Use: Scroll            |       |       |    11 |     4 |     9 |    14 |     9 |     5 |     8 ||    60
       Potion            |       |       |       |     2 |     1 |     1 |     2 |     1 |     5 ||    12
 Stab: Invisible         |       |     1 |       |       |       |       |       |       |       ||     1
  Eat: Chunk             |       |     6 |    12 |    23 |    10 |    33 |    25 |    23 |    17 ||   149
       Ration            |       |       |       |       |     4 |     1 |     2 |     1 |     1 ||     9
Armor: Scale mail        |    36 |    17 |       |       |       |       |       |       |       ||    53
       Chain mail        |       |    60 |   100 |       |       |       |       |       |       ||   160
       Plate armour      |       |       |     7 |   308 |   261 |   419 |   225 |   242 |       ||  1462
       Acid dragon scale |       |       |       |       |       |       |       |    12 |    98 ||   110
Dodge: Dodged            |    16 |    43 |    75 |   204 |   273 |   632 |   398 |   649 |   642 ||  2932
Block: Shield            |    51 |    96 |   116 |   417 |   452 |   647 |       |       |       ||  1779
       Large shield      |       |       |       |       |       |   853 |  1154 |  1431 |  1371 ||  4809
       Reflection        |       |       |       |       |       |       |       |       |    62 ||    62
       Rpst.: Long sword |     2 |    13 |    11 |    44 |     7 |       |       |       |       ||    77
       Falchion          |       |       |    11 |     2 |       |       |       |       |       ||    13
       Double sword      |       |       |       |       |    74 |   114 |    63 |       |    24 ||   275
       Eudemon blade     |       |       |       |       |       |       |    20 |   113 |    54 ||   187

Table legend:
 A = Spawn XP
 B = Non-spawn XP
 C = Spawn XP percentage of total XP
 D = Spawn monster count
 E = Non-spawn monster count
 F = Spawn count percentage of total count
 G = Total turns spent on level
                    A         B        C        D         E        F      G
               +---------+---------+-------+---------+---------+-------+---------
         Total |       0 | 1557921 |   0.0 |       0 |    2644 |   0.0 | 50851
               +---------+---------+-------+---------+---------+-------+---------
           D:1 |       0 |      50 |   0.0 |       0 |      27 |   0.0 |   635
           D:2 |       0 |      97 |   0.0 |       0 |      17 |   0.0 |   651
           D:3 |       0 |     246 |   0.0 |       0 |      35 |   0.0 |  1014
           D:4 |       0 |     909 |   0.0 |       0 |      22 |   0.0 |   960
           D:5 |       0 |     444 |   0.0 |       0 |      14 |   0.0 |   827
           D:6 |       0 |     310 |   0.0 |       0 |       8 |   0.0 |   502
           D:7 |       0 |    2151 |   0.0 |       0 |      30 |   0.0 |   476
           D:8 |       0 |    2547 |   0.0 |       0 |      16 |   0.0 |   712
           D:9 |       0 |    2806 |   0.0 |       0 |      41 |   0.0 |   926
          D:10 |       0 |    2651 |   0.0 |       0 |      32 |   0.0 |   735
          D:11 |       0 |    6108 |   0.0 |       0 |      51 |   0.0 |  1523
          D:12 |       0 |    7137 |   0.0 |       0 |      37 |   0.0 |  1516
          D:13 |       0 |   20397 |   0.0 |       0 |      58 |   0.0 |   956
          D:14 |       0 |    5182 |   0.0 |       0 |      33 |   0.0 |   778
          D:15 |       0 |   22706 |   0.0 |       0 |      55 |   0.0 |   940
        Lair:1 |       0 |    7323 |   0.0 |       0 |      30 |   0.0 |  1247
        Lair:2 |       0 |    4000 |   0.0 |       0 |      33 |   0.0 |   989
        Lair:3 |       0 |    2754 |   0.0 |       0 |       9 |   0.0 |   669
        Lair:4 |       0 |    3739 |   0.0 |       0 |      25 |   0.0 |   923
        Lair:5 |       0 |   14735 |   0.0 |       0 |      41 |   0.0 |  1444
        Lair:6 |       0 |   20137 |   0.0 |       0 |      58 |   0.0 |  1279
       Swamp:1 |       0 |    8139 |   0.0 |       0 |      24 |   0.0 |   695
       Swamp:2 |       0 |   14779 |   0.0 |       0 |      33 |   0.0 |  1168
       Swamp:3 |       0 |   10817 |   0.0 |       0 |      26 |   0.0 |   778
       Swamp:4 |       0 |   45489 |   0.0 |       0 |      76 |   0.0 |   825
       Snake:1 |       0 |   13171 |   0.0 |       0 |      28 |   0.0 |   840
       Snake:2 |       0 |   23172 |   0.0 |       0 |      46 |   0.0 |   638
       Snake:3 |       0 |   13380 |   0.0 |       0 |      22 |   0.0 |   778
       Snake:4 |       0 |   47835 |   0.0 |       0 |      82 |   0.0 |  1278
         Orc:1 |       0 |     656 |   0.0 |       0 |      12 |   0.0 |   281
         Orc:2 |       0 |    8412 |   0.0 |       0 |      78 |   0.0 |   666
         Elf:1 |       0 |   29509 |   0.0 |       0 |      44 |   0.0 |   849
         Elf:2 |       0 |   51512 |   0.0 |       0 |      75 |   0.0 |  1141
         Elf:3 |       0 |   70745 |   0.0 |       0 |      62 |   0.0 |  1282
      Vaults:1 |       0 |   51758 |   0.0 |       0 |      81 |   0.0 |  1279
      Vaults:2 |       0 |   44165 |   0.0 |       0 |      68 |   0.0 |  1774
      Vaults:3 |       0 |   38706 |   0.0 |       0 |      61 |   0.0 |  1679
      Vaults:4 |       0 |   54828 |   0.0 |       0 |      66 |   0.0 |  1672
      Vaults:5 |       0 |  179474 |   0.0 |       0 |     156 |   0.0 |  1404
       Crypt:1 |       0 |   42210 |   0.0 |       0 |      50 |   0.0 |   785
       Crypt:2 |       0 |   24444 |   0.0 |       0 |      27 |   0.0 |   740
       Crypt:3 |       0 |   66371 |   0.0 |       0 |      86 |   0.0 |  1052
      Depths:1 |       0 |   58448 |   0.0 |       0 |      67 |   0.0 |  1128
      Depths:2 |       0 |  113174 |   0.0 |       0 |     133 |   0.0 |  1717
      Depths:3 |       0 |   98588 |   0.0 |       0 |     105 |   0.0 |  1276
      Depths:4 |       0 |   90529 |   0.0 |       0 |      93 |   0.0 |  1051
      Depths:5 |       0 |   40036 |   0.0 |       0 |      29 |   0.0 |  1208
          Hell |       0 |   49153 |   0.0 |       0 |      79 |   0.0 |   557
         Coc:1 |       0 |   11407 |   0.0 |       0 |      31 |   0.0 |   165
         Coc:2 |       0 |   13765 |   0.0 |       0 |      20 |   0.0 |   240
         Coc:3 |       0 |   10091 |   0.0 |       0 |      29 |   0.0 |    92
         Coc:5 |       0 |   17042 |   0.0 |       0 |      15 |   0.0 |   150
         Coc:6 |       0 |   20471 |   0.0 |       0 |      30 |   0.0 |   146
         Coc:7 |       0 |   62992 |   0.0 |       0 |      60 |   0.0 |   313
           Lab |       0 |    2121 |   0.0 |       0 |       9 |   0.0 |   459
        Bailey |       0 |    4103 |   0.0 |       0 |      69 |   0.0 |   836
               +---------+---------+-------+---------+---------+-------+---------
